 Dungeon Crawl Stone Soup version 0.25.1-9-gc5326a611f (webtiles) character file.

Game seed: 12598046483645515411

284 DuloT34 the Ducker (level 6, -1/51 HPs)
             Began as a Merfolk Gladiator on Dec 24, 2020.
             Slain by a worker ant (3 damage)
             ... on level 5 of the Dungeon.
             The game lasted 00:07:08 (3092 turns).

DuloT34 the Ducker (Merfolk Gladiator)              Turns: 3092, Time: 00:07:08

Health: -1/51      AC: 11    Str: 14    XL:     6   Next: 29%
Magic:  6/6        EV:  8    Int:  8    God:
Gold:   84         SH:  4    Dex: 17    Spells: 5/5 levels left

rFire    . . .     SeeInvis .   a - +1 trident
rCold    . . .     Gourm    .   g - +0 buckler
rNeg     . . .     Faith    .   l - +0 chain mail
rPois    .         Spirit   .   c - +0 helmet
rElec    .         Reflect  .   (no cloak)
rCorr    .         Harm     .   (no gloves)
MR       .....                  m - +1 pair of boots
Stlth    ..........             (no amulet)
HPRegen  0.17/turn              (no ring)
MPRegen  0.10/turn              (no ring)

@: no status effects
A: change form in water, swift swim, stealthy swim
a: no special abilities


You were on level 5 of the Dungeon.
You were not hungry.

You visited 1 branch of the dungeon, and saw 4 of its levels.

You collected 84 gold pieces.

Inventory:

Hand Weapons
 a - a +1 trident (weapon)
Missiles
 d - 3 throwing nets (quivered)
Armour
 b - a +0 leather armour
 c - a +0 helmet (worn)
 g - a +0 buckler (worn)
 l - a +0 chain mail (worn)
 m - a +1 pair of boots (worn)
 r - a +2 leather armour of cold resistance
Wands
 e - a wand of flame (6)
Scrolls
 h - a scroll of fog {unknown}
 i - 3 scrolls of identify
 j - a scroll of remove curse
 k - a scroll of fear {unknown}
 n - a scroll of teleportation
 o - a scroll of noise {unknown}
Potions
 q - a potion of degeneration {unknown}
 t - a potion of haste {unknown}
Comestibles
 f - 8 rations


   Skills:
 + Level 5.1 Fighting
 - Level 4.6 Polearms
 - Level 2.0 Throwing
 + Level 6.9 Dodging


You had 5 spell levels left.
You didn't know any spells.
Your spell library was empty.

Dungeon Overview and Level Annotations

Branches:
Dungeon (3/15)

Altars:

Annotations:
D:3 Ijyb
D:5 Menkaure


Message History

The hound closely misses you.
Attack whom?
Press: ? - help, Dir - move target cursor, f - Menkaure
Aim: Menkaure (fast)
You reach to attack!
You puncture Menkaure!
Menkaure is heavily damaged.
The hound bites you but does no damage. x2
You completely miss Menkaure.
Menkaure is heavily damaged.
You block Menkaure's attack. The hound barely misses you.
Menkaure gestures at you while chanting.
Pain shoots through your body!
* * * LOW HITPOINT WARNING * * *
The hound closely misses you.
Your surroundings suddenly seem different.
A worker ant comes into view.
Found a ration and a scroll of teleportation.
The worker ant waves its antennae.
The worker ant bites you.
You die...

##
.#######.#
.........#
.........##
..........#
..........#
..........#
......a...#
.......@..#
..........#
.%........#
..?......##
........##
......###
...### ..#


You could see a worker ant.

Vanquished Creatures
  Edmund (D:5)
  2 worker ants
  A hound zombie (D:5)
  An adder (D:3)
  2 oozes
  2 worms (D:2)
  4 dart slugs
  3 leopard geckos
  4 orcs
  A ball python (D:1)
  10 bats
  2 giant cockroaches
  3 goblins
  11 hobgoblins
  7 jackals (D:2)
  4 kobolds
  A quokka (D:2)
  A frilled lizard (D:2)
  A quokka skeleton (D:5)
  3 rats
64 creatures vanquished.

Notes
Turn   | Place    | Note
-------+----------+-------------------------------------------
     0 | D:1      | DuloT34 the Merfolk Gladiator began the quest for the Orb.
     0 | D:1      | Reached XP level 1. HP: 16/16 MP: 1/1
   260 | D:1      | Reached XP level 2. HP: 23/23 MP: 2/2
   984 | D:2      | Reached XP level 3. HP: 15/28 MP: 3/3
  1526 | D:2      | Reached skill level 5 in Dodging
  1947 | D:2      | Reached XP level 4. HP: 35/35 MP: 4/4
  2595 | D:3      | Reached XP level 5. HP: 42/42 MP: 5/5
  2606 | D:3      | Noticed Ijyb
  2610 | D:3      | You fall into a shaft and drop 2 floors!
  2610 | D:5      | Entered Level 5 of the Dungeon
  2622 | D:5      | Reached skill level 6 in Dodging
  2689 | D:5      | Noticed Edmund
  2736 | D:5      | HP: 3/64 [Edmund/puff of flame (3)]
  2737 | D:5      | HP: 1/64 [Edmund/+1 flail of holy wrath (2)]
  2738 | D:5      | Killed Edmund
  2738 | D:5      | Reached skill level 5 in Fighting
  2738 | D:5      | Reached XP level 6. HP: 2/51 MP: 6/6
  3037 | D:5      | Noticed Menkaure
  3089 | D:5      | HP: 2/51 [Menkaure/nerve-wracking pain (12)]
  3092 | D:5      | Slain by a worker ant

Illustrated notes

Levels and vault maps discovered:
D:1:      minmay_arrival_stone_box, layout_basic
D:2:      layout_loops_ring, first_ration
D:3:      minmay_general_purpose_star, layout_basic, lemuel_blue_sif_altar,
          uniq_ijyb
D:5:      layout_cave_pods, uniq_menkaure, uniq_edmund, uniq_pikel

Skill      XL: |  1  2  3  4  5 |
---------------+----------------+-----
Fighting       | 3 4 5 |  5.1
Dodging        | 5 6 |  6.9
Polearms       | |  4.6
Throwing       | |  2.0

Action                   |  1- 3 |  4- 6 || total
-------------------------+-------+-------++-------
Melee: Trident           |   169 |   133 ||   302
  Use: Scroll            |       |     8 ||     8
       Potion            |       |     1 ||     1
  Eat: Chunk             |     3 |     4 ||     7
Armor: Chain mail        |   112 |    69 ||   181
Dodge: Dodged            |    66 |    68 ||   134
Block: Buckler           |       |    12 ||    12
